 Dungeon Crawl Stone Soup version 0.31.0-4-g52a2dc7128 (webtiles) character file.

Game seed: 1666931690284409553

45654 Fv001 the Cleaver (level 14, -13/108 HPs)
             Began as a Demonspawn Fighter on Jan 23, 2024.
             Was a High Priest of Okawaru.
             Mangled by a naga warrior
             ... wielding a +0 trident
              (36 damage)
             ... on level 1 of the Snake Pit.
             The game lasted 00:58:08 (17258 turns).

Fv001 the Cleaver (Demonspawn Fighter)             Turns: 17258, Time: 00:58:08

Health: -13/108    AC: 20    Str: 20    XL:     14   Next: 1%
Magic:  23/23      EV:  8    Int:  9    God:    Okawaru [*****.]
Gold:   732        SH: 12    Dex: 26    Spells: 13/13 levels left

rFire   + + .        a - +0 broad axe
rCold   . . .        F - +0 buckler {rC+}
rNeg    . . .        P - +0 plate armour
rPois   +            (helmet restricted)
rElec   .            u - scarf of the Bespelling Gods {+Inv, rPois rF+}
rCorr   .            m - +0 pair of gloves
SInv    .            k - +0 pair of boots
Will    +....        R - amulet of regeneration
Stlth   +            s - +6 ring of dexterity
HPRegen 1.18/turn    z - ring of fire
MPRegen 0.18/turn

%: no passive effects
@: no status effects
A: horns 1, thin skeletal structure 3, icemail 1, spiny 1, condensation shield,
no potion heal 1
a: Renounce Religion, Evoke Invisibility, Heroism, Finesse, Duel


You were on level 1 of the Snake Pit.
You worshipped Okawaru.
Okawaru was extremely pleased with you.
You visited 4 branches of the dungeon, and saw 17 of its levels.

You collected 776 gold pieces.
You spent 44 gold pieces at shops.

Inventory:

Hand Weapons
 a - a +0 broad axe (weapon)
 b - a +2 flail of protection
 c - a +4 dagger
 X - the +11 falchion of the Candle {flame, ^Contam rPois Dex+3}
   (You found it on level 5 of the Lair of Beasts)

   Dex+3:     It affects your dexterity (+3).
   rPois:     It protects you from poison ^Contam: It causes magical
   contamination when unequipped.
Missiles
 r - 4 atropa-tipped darts
Armour
 d - a +2 cloak
 k - a +0 pair of boots (worn)
 m - a +0 pair of gloves (worn)
 u - the scarf of the Bespelling Gods (worn) {+Inv, rPois rF+}
   (You found it on level 4 of the Dungeon)

   rF+:       It protects you from fire.
   rPois:     It protects you from poison
 F - a +0 buckler of cold resistance (worn)
 P - a +0 plate armour (worn)
Jewellery
 l - a ring of protection from cold
 s - a +6 ring of dexterity (left hand)
 z - a ring of fire (right hand)
 B - a ring of magical power
 R - an amulet of regeneration (around neck)
 W - a ring of see invisible
Wands
 e - a wand of flame (20)
 v - a wand of roots (15)
 K - a wand of mindburst (2)
 N - a wand of quicksilver (4)
Scrolls
 g - a scroll of torment
 h - a scroll of butterflies {unknown}
 i - a scroll of enchant armour {unknown}
 o - a scroll of fear {unknown}
 p - a scroll of poison {unknown}
 x - 4 scrolls of immolation
 y - 2 scrolls of revelation
 D - 2 scrolls of fog {unknown}
 E - a scroll of vulnerability {unknown}
 G - 2 scrolls of teleportation
 I - 2 scrolls of enchant weapon {unknown}
 M - 2 scrolls of noise {unknown}
 V - 3 scrolls of acquirement
 Y - 2 scrolls of amnesia
Potions
 f - a potion of ambrosia
 j - 3 potions of lignification
 n - 8 potions of enlightenment
 q - 2 potions of degeneration {unknown}
 w - a potion of berserk rage
 A - a potion of heal wounds {unknown}
 C - a potion of curing
 H - a potion of magic {unknown}
 J - a potion of invisibility {unknown}
 L - a potion of might
 O - 4 potions of attraction
 Q - a potion of mutation {unknown}


   Skills:
 + Level 9.6 Fighting
 + Level 0.2(0.8) Short Blades
 + Level 1.2 Long Blades
 + Level 13.3 Axes
 + Level 0.8(8.6) Maces & Flails
 + Level 6.4 Throwing
 + Level 8.4 Armour
 + Level 2.8 Dodging
 + Level 2.1 Stealth
 + Level 9.6 Shields
 * Level 12.1 Invocations
 + Level 0.3 Evocations


You had 13 spell levels left.
You didn't know any spells.
Your spell library contained the following spells:

 Spells                   Type           Power      Damage    Failure   Level
 Apportation              Tloc           0%         N/A       100%        1
 Freeze                   Ice            0%         1d3       100%        1
 Necrotise                Necr           0%         1d4       100%        1
 Sandblast                Erth           0%         2d4       100%        1
 Sting                    Conj/Alch      0%         1d3       100%        1
 Blink                    Tloc           0%         N/A       100%        2
 Jinxbite                 Hex            0%         N/A       100%        2
 Lesser Beckoning         Tloc           0%         N/A       100%        2
 Momentum Strike          Conj/Tloc      0%         3d8       100%        2
 Frozen Ramparts          Ice            0%         1d1       100%        3
 Gell's Gravitas          Tloc           0%         N/A       100%        3
 Hailstorm                Conj/Ice       0%         3d5       100%        3
 Passwall                 Erth           0%         N/A       100%        3
 Stone Arrow              Conj/Erth      0%         3d7       100%        3
 Teleport Other           Tloc           0%         N/A       100%        3
 Volatile Blastmotes      Fire/Tloc      0%         2d10      100%        3
 Brom's Barrelling Bould  Conj/Erth      0%         2d3       100%        4
 Fulminant Prism          Conj/Alch      0%         3d5       100%        4
 Iskenderun's Mystic Bla  Conj/Tloc      0%         2d3       100%        4
 Alistair's Intoxication  Alch           0%         N/A       100%        5
 Summon Small Mammal      Summ           Unusable   N/A       N/A         1

Dungeon Overview and Level Annotations

Branches:
Dungeon (10/15)            Temple (1/1) D:7            Lair (5/5) D:10
 Shoals (0/4) Lair:3        Snake (1/4) Lair:2        Slime (0/5) Lair:5
    Orc: D:9-12

Altars:
Ashenzari
Cheibriados
Dithmenos
Fedhas
Gozag
Hepliaklqana
Kikubaaqudgha
Makhleb
Nemelex Xobeh
Okawaru
Qazlal
Ru
Sif Muna
Trog
Uskayaw
Vehumet
Wu Jian
Xom
Yredelemnul

Shops:
D:1 *   D:4 *

Annotations:
Lair:5 exclusion: 2 oklob plants


Innate Abilities, Weirdness & Mutations

You have a pair of small horns on your head.
You have an unnaturally thin skeletal structure. (Dex +6, Stealth+++)
A meltable icy envelope protects you from harm. (AC +4)
You are partially covered in sharp spines.
A meltable shield of frost defends you. (SH +4)
Potions are less effective at restoring your health.


Message History

Aim: a naga, wielding a +0 trident (70% to hit)
You throw a javelin.
The javelin pierces through the naga warrior but does no damage.
The naga warrior is severely wounded.
The javelin pierces through the naga!
You kill the naga!
Okawaru accepts your kill.
The javelin closely misses the naga.
The javelin pierces through the naga!!
The naga is severely wounded.
Unknown command.
Throw: javelin
Press: ? - help, Q - select action, (/) - cycle Shift-Dir - straight line, f/p - naga
Aim: a naga, wielding a +0 trident (severely wounded, 70% to hit)
You throw a javelin.
The javelin pierces through the naga warrior.
The naga warrior is almost dead.
The javelin pierces through the naga warrior!
The naga warrior is lightly wounded.
The javelin pierces through the naga.
The naga is severely wounded.
The naga warrior is struck by your spines.
The naga warrior hits you with a +0 trident!!
You hit the naga warrior but do no damage.
The naga warrior is almost dead.
You hit the naga warrior.
You headbutt the naga warrior, but do no damage.
The naga warrior is almost dead.
The naga warrior spits poison at you. The splash of poison hits you.
You resist.
The naga warrior roars a battlecry!
The nagas go into a battle-frenzy!
You hit the naga warrior but do no damage.
The naga warrior is almost dead.
The naga warrior no longer looks unusually strong.
The naga warrior roars a battlecry!
The naga warrior goes into a battle-frenzy!
The naga warrior hits you with a +0 trident!!
* * * LOW HITPOINT WARNING * * *
The naga warrior hits you from afar with a +0 trident!!!
You die...

### #@# #.# #N#
#N# #N####### ####
#)##....######..(.
#N...NN.N.........
#.(..N..N.....(((.
#.................


You could see 2 naga warriors and 2 nagas.

Vanquished Creatures
  3 hydras
  3 catoblepae (Lair:5)
  A boulder beetle (Lair:5)
  9 death yaks (Lair:5)
  A tengu warrior (D:9)
  3 skysharks
  3 manticores
  3 elephants (Lair:5)
  4 black mambas
  12 cane toads
  4 rime drakes
  11 komodo dragons
  4 trolls
  A tengu conjurer (D:9)
  A wind drake (Lair:3)
  12 dream sheep
  6 blink frogs
  2 wyverns (D:9)
  53 yaks
  2 basilisks
  2 steam dragons
  5 nagas
  An acid dragon (D:10)
  20 water moccasins
  5 black bears
  4 orc warriors
  An ice beast (D:7)
  A phantom (D:7)
  4 centaurs
  27 wolves
  2 kobold brigands
  Blork the orc (D:4)
  19 bullfrogs
  A gnoll sergeant (D:5)
  4 scorpions
  13 wights
  6 killer bees
  5 electric eels
  3 howler monkeys
  2 lava snakes (Lair:2)
  4 bombardier beetles
  3 hounds
  2 gnoll boudas
  4 orc priests
  Crazy Yiuf (D:2)
  A jelly (D:7)
  2 sleepcaps
  Jessica (D:3)
  4 iguanas
  9 orc wizards
  2 hell rats (Lair:1)
  Robin (D:2)
  19 gnolls
  11 adders
  8 river rats (Lair:1)
  A shadow imp (D:8)
  3 white imps
  5 dart slugs
  3 ribbon worms
  39 orcs
  11 bats
  8 endoplasms
  2 giant cockroaches
  14 goblins
  5 hobgoblins
  2 jackals (D:4)
  14 kobolds
  8 quokkas
  8 ball pythons
  5 frilled lizards
  A rat (D:3)
465 creatures vanquished.

Notes
Turn   | Place    | Note
-------+----------+-------------------------------------------
     0 | D:1      | Fv001 the Demonspawn Fighter began the quest for the Orb.
     0 | D:1      | Reached XP level 1. HP: 18/18 MP: 1/1
    84 | D:1      | Gained mutation: A meltable shield of frost defends you.
                  | (SH +4) [demonic ancestry]
    84 | D:1      | Reached XP level 2. HP: 24/24 MP: 2/2
   140 | D:1      | Found Gokhlogo's General Store.
   187 | D:1      | Reached skill level 2 in Axes
   436 | D:1      | Reached XP level 3. HP: 29/29 MP: 3/3
  1142 | D:2      | Gained mutation: You have a pair of small horns on your
                  | head. [demonic ancestry]
  1142 | D:2      | Reached XP level 4. HP: 15/35 MP: 4/4
  1303 | D:2      | Reached skill level 1 in Throwing
  1536 | D:2      | Found a runed translucent door.
  1537 | D:2      | Noticed Crazy Yiuf
  1624 | D:2      | Noticed Robin
  1635 | D:2      | Killed Robin
  1636 | D:2      | Reached skill level 3 in Axes
  1816 | D:2      | Killed Crazy Yiuf
  1817 | D:2      | Reached XP level 5. HP: 12/41 MP: 5/5
  2253 | D:3      | Noticed Jessica
  2267 | D:3      | Killed Jessica
  3077 | D:4      | Gained mutation: You have a somewhat thin skeletal
                  | structure. (Dex +2, Stealth+) [demonic ancestry]
  3077 | D:4      | Reached XP level 6. HP: 25/47 MP: 6/6
  3271 | D:4      | Identified the scarf of the Bespelling Gods {+Inv, rPois
                  | rF+}
  3461 | D:4      | Reached skill level 1 in Dodging
  3644 | D:4      | Found Werheyps's Assorted Antiques.
  3649 | D:4      | Bought a scroll of identify for 44 gold pieces
  3675 | D:4      | Noticed Blork the orc
  3687 | D:4      | Killed Blork the orc
  3688 | D:4      | Reached skill level 4 in Axes
  4177 | D:5      | Entered Level 5 of the Dungeon
  4189 | D:4      | Gained mutation: You have a moderately thin skeletal
                  | structure. (Dex +4, Stealth++) [demonic ancestry]
  4189 | D:4      | Reached XP level 7. HP: 44/53 MP: 7/7
  4717 | D:5      | Reached skill level 1 in Stealth
  4718 | D:5      | Reached skill level 5 in Axes
  4857 | D:5      | Gained mutation: A meltable icy envelope protects you from
                  | harm. (AC +4) [demonic ancestry]
  4857 | D:5      | Reached XP level 8. HP: 58/60 MP: 8/8
  5240 | D:5      | Reached skill level 6 in Axes
  5441 | D:6      | Found a stormy altar of Qazlal.
  5791 | D:6      | You fall into a shaft and drop 1 floor!
  5954 | D:7      | Found a shadowy altar of Dithmenos.
  6000 | D:7      | Reached skill level 5 in Shields
  6138 | D:7      | Reached XP level 9. HP: 66/66 MP: 9/9
  6144 | D:7      | Reached skill level 7 in Axes
  6675 | D:7      | Reached skill level 5 in Fighting
  7351 | D:7      | Found a staircase to the Ecumenical Temple.
  7360 | Temple   | Entered the Ecumenical Temple
  7386 | Temple   | Became a worshipper of Warmaster Okawaru
  7437 | D:7      | Found a burning altar of Makhleb.
  7704 | D:8      | Reached skill level 5 in Armour
  7704 | D:8      | Reached skill level 1 in Invocations
  7714 | D:8      | Reached skill level 8 in Axes
  7853 | D:8      | Reached * piety under Okawaru
  8120 | D:8      | Noticed a troll
  8452 | D:9      | Reached XP level 10. HP: 37/75 MP: 12/12
  8611 | D:9      | Reached ** piety under Okawaru
  8730 | D:9      | Noticed a tengu warrior
  9099 | D:9      | Killed a tengu warrior
  9431 | D:9      | Reached *** piety under Okawaru
  9825 | D:10     | Entered Level 10 of the Dungeon
  9872 | D:10     | Reached skill level 5 in Invocations
  9989 | D:10     | Reached skill level 9 in Axes
 10076 | D:10     | Found a staircase to the Lair.
 10498 | D:10     | Found a hazy altar of Hepliaklqana.
 10525 | D:10     | Reached **** piety under Okawaru
 10526 | D:10     | Gained mutation: You have an unnaturally thin skeletal
                  | structure. (Dex +6, Stealth+++) [demonic ancestry]
 10526 | D:10     | Reached XP level 11. HP: 71/83 MP: 15/15
 11040 | Lair:1   | Entered Level 1 of the Lair of Beasts
 11303 | Lair:1   | Reached ***** piety under Okawaru
 11311 | Lair:1   | Reached skill level 10 in Axes
 12235 | Lair:2   | Reached skill level 5 in Throwing
 12301 | Lair:2   | Noticed an eight-headed hydra
 12330 | Lair:2   | Killed an eight-headed hydra
 12461 | Lair:2   | HP: 3/84 [naga/+0 halberd (2)]
 12763 | Lair:2   | Found a staircase to the Snake Pit.
 12805 | Lair:2   | Noticed a skyshark
 12823 | Lair:2   | Killed a skyshark
 12824 | Lair:2   | Gained mutation: You are partially covered in sharp spines.
                  | [demonic ancestry]
 12824 | Lair:2   | Reached XP level 12. HP: 43/91 MP: 11/18
 13190 | Lair:3   | Reached skill level 11 in Axes
 13755 | Lair:3   | Found a staircase to the Shoals.
 14348 | Lair:4   | Reached skill level 10 in Invocations
 14431 | Lair:4   | Received a gift from Okawaru
 14433 | Lair:4   | Reached skill level 12 in Axes
 14665 | Lair:4   | Reached XP level 13. HP: 95/99 MP: 20/20
 15056 | Lair:5   | Entered Level 5 of the Lair of Beasts
 15252 | Lair:5   | Identified 3 scrolls of acquirement
 15488 | Lair:5   | Received a gift from Okawaru
 15904 | Lair:5   | Identified the +11 falchion of the Candle {flame, ^Contam
                  | rPois Dex+3}
 15986 | Lair:5   | Gained mutation: Potions are less effective at restoring
                  | your health. [mutagenic glow]
 16068 | Lair:5   | Found the +1 robe of Vines {NoPotionHeal Regen++++}
 16100 | Lair:5   | Reached skill level 13 in Axes
 16126 | Lair:5   | Received a gift from Okawaru
 16131 | Lair:5   | Reached skill level 1 in Long Blades
 16412 | Lair:5   | Reached XP level 14. HP: 108/108 MP: 23/23
 16636 | Lair:5   | Found a staircase to the Slime Pits.
 17201 | Snake:1  | Entered Level 1 of the Snake Pit
 17258 | Snake:1  | Mangled by a naga warrior

Illustrated notes

Levels and vault maps discovered:
D:1:      dpeg_arrival_yet_another_circle, layout_rooms, serial_shops,
          nicolae_shop_peninsula, kennysheep_pointless_box, dk_noncrumbling_2
D:2:      layout_basic, uniq_robin, uniq_crazy_yiuf_cottage
D:3:      layout_loops_ring, elyvilon_altar_5, lightli_corner_chamber,
          uniq_jessica
D:4:      layout_basic, serial_shops, kennysheep_little_box, uniq_blork_the_orc
D:5:      layout_gridville
D:6:      layout_basic, nicolae_qazlal_scattered_showers, bh_walls_and_bars
D:7:      layout_loops_corners, makhleb_heckhound_becter,
          mainiacjoe_overflow_two_lobes, minmay_temple_entry_poolview
D:8:      layout_basic
D:9:      layout_small_grid, zin_statuary
D:10:     layout_irregular_city, nicolae_overflow_hidden_temple,
          due_lair_maze_entry_diamond
Temple:   regret_index_temple_waves
Lair:1:   layout_cave_pods, kennysheep_rathole
Lair:2:   layout_hall_layers, minmay_snake_entry_guardpost_large,
          nicolae_lair_liquid_snakes
Lair:3:   layout_long_grid, minmay_shoals_entry_beasts, serial_bayou,
          serial_bayou_lake_a, serial_bayou_ford_a, serial_bayou_pond_a,
          serial_bayou_lagoon_b, serial_bayou_shore_a, beast_lair_carwin_11
Lair:4:   layout_hall_layers
Lair:5:   evilmike_catoblepas_cave, layout_layer_cave, dpeg_slime_entry_corner,
          serial_bayou_pond_b, hellmonk_guarded_unrand_vines
Snake:1:  layout_basic, special_room

Skill      XL: |  1  2  3  4  5  6  7  8  9 10 11 12 13 |
---------------+----------------------------------------+-----
Armour         | 3 4 5 6 7 8 |  8.4
Axes           | 2 3 4 5 6 8 9 10 12 13 | 13.3
Shields        | 3 4 5 6 7 8 9 |  9.6
Throwing       | 1 2 3 4 5 6 |  6.4
Dodging        | 1 2 |  2.8
Fighting       | 4 5 6 7 8 9 |  9.6
Stealth        | 1 2 |  2.1
Invocations    | 3 5 8 10 12 | 12.1
Long Blades    | 1 |  1.2
Short Blades   | |  0.2
Maces & Flails | |  0.8
Evocations     | |  0.3

Action                     |  1- 3 |  4- 6 |  7- 9 | 10-12 | 13-15 || total
---------------------------+-------+-------+-------+-------+-------++-------
  Melee: War axe           |    97 |   129 |   358 |   161 |       ||   745
         Headbutt          |       |    22 |    84 |   170 |   100 ||   376
         Dagger            |       |     4 |     2 |     1 |       ||     7
         Broad axe         |       |       |       |   439 |   287 ||   726
         Flail             |       |       |       |    10 |       ||    10
         Falchion          |       |       |       |       |     8 ||     8
  Throw: Dart              |    33 |    50 |    55 |   135 |    50 ||   323
         Stone             |       |    13 |     8 |       |       ||    21
         Boomerang         |       |       |       |     8 |       ||     8
         Javelin           |       |       |       |       |    47 ||    47
 Invoke: Heroism           |       |       |       |    16 |     5 ||    21
         Finesse           |       |       |       |     4 |     2 ||     6
  Evoke: Wand              |       |       |     4 |     1 |     3 ||     8
    Use: Scroll            |     3 |     4 |     2 |     8 |     2 ||    19
         Potion            |       |     1 |     1 |     5 |       ||     7
   Stab: Invisible         |       |     2 |     2 |       |       ||     4
         Sleeping          |       |     1 |     3 |     1 |       ||     5
         Distracted        |       |     1 |       |       |       ||     1
 Armour: Scale mail        |    57 |    62 |   108 |       |       ||   227
         Chain mail        |       |       |   161 |   196 |       ||   357
         Plate armour      |       |       |       |   392 |   177 ||   569
  Dodge: Dodged            |    41 |    39 |   118 |   249 |    77 ||   524
  Block: Buckler           |    47 |    52 |   215 |   461 |   152 ||   927
